 Dungeon Crawl Stone Soup version 0.21.0-3-g78d12a8 (webtiles) character file.

1379849 hairmachine the Conqueror (level 27, 160/245 HPs)
             Began as a Hill Orc Abyssal Knight on Jan 8, 2018.
             Was a High Priest of Lugonu.
             Escaped with the Orb
             ... and 3 runes on Jan 10, 2018!
             The game lasted 05:57:31 (103774 turns).

hairmachine the Conqueror (HOAK)                  Turns: 103774, Time: 05:57:32

Health: 160/245    AC: 45    Str: 33    XL:     27
Magic:  33/33      EV: 16    Int:  7    God:    Lugonu [*****.]
Gold:   2320       SH:  6    Dex: 12    Spells: 26/26 levels left

rFire    + . .     SeeInvis +   D - +9 executioner's axe (distort)
rCold    + . .     Gourm    .   (shield currently unavailable)
rNeg     . . .     Faith    .   C - +7 gold dragon scales
rPois    +         Spirit   .   L - +1 helmet {SInv}
rElec    +         Reflect  +   a - +0 cloak of Ygguim {rC- Slay+5}
rCorr    .         Harm     .   t - +2 pair of gloves
MR       +++..     NoCast   +   T - +2 pair of boots of Mumblety Peg {-Cast Str+5 Int-3 Dex+2}
Stlth    ..........             f - +6 amulet of reflection
HPRegen  0.50/turn              y - ring of protection from magic
MPRegen  0.23/turn              m - ring of the Scarab {rElec rC+}

@: no status effects
A: talons 1, dopey 1, frail 1, sense surroundings 1
0: Orb of Zot
}: 3/15 runes: serpentine, barnacled, abyssal
a: Depart the Abyss, Bend Space, Banish, Corrupt, Enter the Abyss, Renounce
Religion


You escaped.
You worshipped Lugonu.
Lugonu was extremely pleased with you.
You were hungry.

You visited 10 branches of the dungeon, and saw 50 of its levels.
You visited the Abyss 2 times.
You visited 1 bazaar.

You collected 5882 gold pieces.
You spent 3562 gold pieces at shops.

Inventory:

Hand Weapons
 D - a +9 executioner's axe of distortion (weapon)
Missiles
 o - 10 throwing nets (quivered)
Armour
 a - the +0 cloak of Ygguim (worn) {rC- Slay+5}
   (You found it on level 1 of the Realm of Zot)

   It affects your accuracy and damage with ranged weapons and melee attacks
   (+5).
   It makes you vulnerable to cold.
 t - a +2 pair of gloves (worn)
 C - +7 gold dragon scales (worn)
 L - a +1 helmet of see invisible (worn)
 M - a scarf of resistance
 T - the +2 pair of boots of Mumblety Peg (worn) {-Cast Str+5 Int-3 Dex+2}
   (You found it on level 11 of the Dungeon)

   It affects your strength (+5).
   It affects your intelligence (-3).
   It affects your dexterity (+2).
   It prevents spellcasting.
Jewellery
 f - a +6 amulet of reflection (around neck)
 m - the ring of the Scarab (right hand) {rElec rC+}
   (You took it off a fire giant on level 2 of the Depths)

   [ring of protection from cold]

   It protects you from cold.
   It insulates you from electricity.
 n - an uncursed ring of resist corrosion
 y - a ring of protection from magic (left hand)
 z - the ring of Vanity {+Inv rF++ rC+ rN+ Str-5}
   (You found it on level 8 of the Dungeon)

   [ring of protection from cold]

   It affects your strength (-5).
   It greatly protects you from fire.
   It protects you from cold.
   It protects you from negative energy.
   It lets you turn invisible.
Wands
 r - a wand of flame (160)
 x - a wand of iceblast (15)
 H - a wand of digging (13)
 J - a wand of acid (18)
 K - a wand of scattershot (2)
 S - a wand of disintegration (9)
Scrolls
 j - 4 scrolls of silence
 k - 18 scrolls of teleportation
 l - a scroll of enchant weapon
 u - 3 scrolls of magic mapping
 B - 14 scrolls of identify
 E - 3 scrolls of fog
 F - 8 scrolls of amnesia
 G - a scroll of fear
 I - 16 scrolls of remove curse
 N - 2 scrolls of enchant armour
 P - 3 scrolls of blinking
 W - a scroll of summoning
Potions
 b - a potion of haste
 d - a potion of invisibility
 g - a potion of might
 h - a potion of cancellation
 p - 8 potions of magic
 q - 9 potions of curing
 s - 7 potions of ambrosia
 w - a potion of brilliance
 A - 5 potions of agility
 Q - 3 potions of mutation
 R - 4 potions of resistance
Miscellaneous
 e - a lamp of fire
 i - a sack of spiders
 O - a fan of gales
 Z - a lightning rod (4/4)
Comestibles
 c - 50 rations


   Skills:
 O Level 27 Fighting
 - Level 26.0 Axes
 * Level 23.6 Armour
 * Level 17.1 Dodging
 - Level 14.0 Invocations
 - Level 10.0 Evocations


You had 26 spell levels left.
You didn't know any spells.

Dungeon Overview and Level Annotations

Branches:
Dungeon (15/15)            Temple (0/1) D:4            Lair (6/6) D:10
 Shoals (4/4) Lair:3        Snake (4/4) Lair:4        Slime (0/5) Lair:6
    Orc (2/2) D:9             Elf (3/3) Orc:2        Vaults (5/5) D:13
  Crypt (1/3) Vaults:2     Depths (5/5) D:15            Zot (5/5) Depths:5

Altars:
Elyvilon
Gozag
Kikubaaqudgha
Makhleb
Nemelex Xobeh
Okawaru
Ru
Uskayaw
Wu Jian
Yredelemnul
Zin
The Shining One
Beogh
Lugonu

Shops:
D:8 (   Orc:2 ?%}:   Elf:3 %%?   Snake:1 ::=(   Snake:2 *   Vaults:4 *
Depths:1 *

Portals:
Hell: Depths:1 Depths:2 Depths:3 Depths:4 Depths:5
Abyss: Depths:1 Depths:3 Depths:4 Depths:5
Pandemonium: Depths:3
Ziggurat: Depths:5

Annotations:
D:6 exclusion: downstairs
D:8 exclusion: downstairs
Lair:1 exclusion: downstairs
Shoals:2 exclusion: Roxanne, Roxanne
Zot:5 corrupted
Abyss:1 Rupert, Saint Roka


Innate Abilities, Weirdness & Mutations

You have sharp toenails.
You are dopey. (Int -2)
You are frail. (-10% HP)
You passively map a small area around you.


Message History

You feel much better.
You feel better.
You feel better.
You feel better.
You feel better.
You feel better.
You climb upwards.
There is a stone staircase leading down here.
Your extra speed is starting to run out.
There is a stone staircase leading up here.
You climb upwards.
There is a stone staircase leading down here.
You feel yourself slow down.
You see here a dagger.
You see here a short sword.
There is a large open door here.
There is a large open door here.
There is a large open door here.
There is a staircase leading out of the dungeon here.
You have escaped!

.....##### #.##..........#
.###.....# #.##.#.......##
....####.## #..#..........#
###..# #..# ##............# #
##.####.# ##.........>.#
####....#(###### #...........#
..#####..##....# #...........#
#.)...#####.≈≈.###..#.......##
#####.#.'.'.≈≈.'@#..##.....##
#...'.'§§≈.'.#....#######
##.####.≈≈.###..#.......#
#...##....##...........#
###.#######.##.........# #.##
####.....[......#
#..###.....##.>......#####
##..#.>##.###........#...# #
######.....###.#
#.###..###...#


There were no monsters in sight!

Vanquished Creatures
  2 orbs of fire
  5 ancient liches (Zot:5)
  Boris (Vaults:4)
  A curse toe (Zot:1)
  A Killer Klown (Zot:4)
  The ghost of loralnil the Warrior, an adept MiFi of Yredelemnul (Elf:3)
  2 golden dragons
  4 electric golems
  11 tentacled monstrosities
  3 deep elf blademasters
  10 Orb Guardians
  3 quicksilver dragons
  7 death cobs
  A tentacled starspawn (Abyss:1)
  4 deep elf master archers (Elf:3)
  The ghost of nuthulu the Warrior, an adept GrFi of Wu Jian (Shoals:4)
  2 sphinxes
  2 thorn hunters (Depths:3)
  A draconian monk (Zot:4)
  8 shadow dragons
  6 storm dragons
  A tengu reaver (Depths:4)
  An iron dragon (Depths:4)
  3 frost giants
  3 fire giants
  13 nagarajas
  10 deep elf sorcerers
  2 ghost moths
  A balrug (Depths:2)
  2 orc warlords (D:9)
  4 draconian scorchers
  14 vault wardens
  5 draconian knights
  Aizul (Snake:4)
  9 draconian stormcallers
  3 spriggan defenders
  3 draconian annihilators
  10 draconian shifters
  5 deep elf elementalists (Elf:3)
  8 ironheart preservers
  A caustic shrike skeleton (Depths:2)
  A reaper (Depths:3)
  16 very ugly things
  5 stone giants
  5 deep elf demonologists (Elf:3)
  9 green draconians
  An entropy weaver (Vaults:3)
  Nessos (Abyss:1)
  A dire elephant (D:15)
  11 red draconians
  7 deep elf annihilators
  5 white draconians
  9 black draconians
  8 yellow draconians
  Azrael (Elf:1)
  8 purple draconians
  4 spark wasps
  2 blizzard demons (Abyss:3)
  7 deep elf death magi (Elf:3)
  A minotaur (Shoals:2)
  4 ettins
  Snorg (D:9)
  9 merfolk impalers
  7 merfolk javelineers
  8 fire dragons
  5 great orbs of eyes
  5 deep elf high priests (Elf:3)
  14 yaktaur captains
  12 ice dragons
  2 rakshasas
  Harold (Lair:4)
  A spriggan air mage (Depths:5)
  3 vault guards
  9 anacondas
  The ghost of dxctxrx the Summoner, a journeyman GnSu of Okawaru (Lair:3)
  Erica (D:9)
  An alligator snapping turtle (Shoals:3)
  18 naga warriors
  5 deep troll shamans
  8 merfolk aquamancers
  7 hydras
  2 satyrs (Shoals:2)
  A merfolk avatar (Shoals:4)
  28 dancing weapons
  2 tengu warriors (Depths:5)
  8 centaur warriors
  23 ogre magi
  69 two-headed ogres
  2 alligators (Depths:3)
  A death knight (Vaults:3)
  7 orc high priests
  A titan zombie (Depths:2)
  6 deep troll earth magi
  6 vampire magi (Depths:4)
  2 spriggans (Depths:5)
  16 deep elf knights
  13 naga sharpshooters
  Urug (Orc:1)
  4 spriggan berserkers
  2 sun demons (Depths:2)
  5 shock serpents
  A shock serpent (shapeshifter) (Depths:5)
  A shadow wraith (Vaults:3)
  9 hell knights
  5 skeletal warriors (Vaults:1)
  2 unseen horrors
  A sixfirhy (Abyss:3)
  2 iron trolls
  12 deep trolls
  2 swamp dragons (Depths:3)
  A glowing orange brain (shapeshifter) (Vaults:4)
  2 salamander mystics
  A flayed ghost (Vaults:3)
  9 sea snakes
  11 ironbrand convokers
  2 glowing orange brains
  2 infernal demonspawn
  8 naga ritualists
  2 wizards
  11 deep elf archers
  13 harpies
  7 necromancers
  2 large abominations (Abyss:3)
  44 deep elf magi
  18 orc knights
  11 mana vipers
  11 cyclopes
  3 wolf spiders
  33 ugly things
  14 salamanders
  A stone giant zombie (Vaults:1)
  10 merfolk sirens
  10 elephants
  A moth of wrath (shapeshifter) (Vaults:1)
  A manticore (shapeshifter) (Abyss:1)
  5 fauns
  A cyclops (shapeshifter) (Vaults:4)
  21 moths of wrath
  12 manticores
  22 naga magi
  An eye of devastation (Lair:6)
  10 vault sentinels
  6 water nymphs
  35 black mambas
  12 spiny frogs
  2 spiny frogs (shapeshifter)
  12 guardian serpents
  A rust devil (D:13)
  2 ice statues
  4 smoke demons
  3 gargoyles
  52 yaktaurs
  A spriggan skeleton (Depths:2)
  3 rime drakes
  2 hellwings
  An ice devil (Depths:3)
  An efreet (D:15)
  2 komodo dragons (Lair:5)
  3 freezing wraiths
  2 tengu conjurers
  2 guardian mummies (Crypt:1)
  A queen bee (D:9)
  14 wind drakes
  A red devil (Depths:3)
  12 trolls
  31 merfolk
  A jumping spider (Vaults:3)
  5 tyrant leeches
  A wind drake (shapeshifter) (D:13)
  4 meliai
  2 raiju (Abyss:3)
  6 hornets
  An ice dragon zombie (Vaults:1)
  12 dream sheep
  15 hippogriffs
  27 blink frogs
  13 snapping turtles
  14 air elementals
  30 slime creatures
  An ettin skeleton (Vaults:1)
  2 redbacks (Vaults:3)
  A shadow (D:13)
  A vampire (D:13)
  16 water elementals
  A tarantella (shapeshifter) (Depths:2)
  A wraith (Vaults:3)
  A ynoxinul (Depths:3)
  Eustachio (D:4)
  2 wyverns
  4 fire bats (D:12)
  10 fire elementals
  34 yaks
  A basilisk (shapeshifter) (Vaults:3)
  3 basilisks
  2 chaos spawn
  11 vampire mosquitoes
  16 insubstantial wisps (Depths:1)
  56 nagas
  20 water moccasins
  10 wargs
  4 swamp worms (Depths:3)
  3 hell hounds
  A floating eye (Depths:4)
  A porcupine (shapeshifter) (Vaults:1)
  8 porcupines
  A floating eye (shapeshifter) (Vaults:1)
  4 ice beasts
  67 orc warriors
  A phantom (D:14)
  6 sky beasts
  3 necrophages
  3 eyes of draining
  5 wolves (Lair:3)
  48 ogres
  14 boggarts
  30 centaurs
  10 crocodiles
  3 big kobolds
  25 bullfrogs
  3 earth elementals
  A gnoll sergeant (D:11)
  An ogre simulacrum (Vaults:1)
  3 human skeletons
  4 scorpions
  17 killer bees
  7 howler monkeys
  2 vampire bats (Lair:4)
  19 wights
  5 electric eels
  14 crimson imps
  A bullfrog zombie (D:11)
  4 centaur zombies
  2 human simulacra
  2 human zombies (Crypt:1)
  5 jellies
  A bullfrog skeleton (D:5)
  9 hounds
  37 orc priests
  4 centaur skeletons
  33 orc wizards
  5 iguanas
  14 worker ants
  2 hound zombies
  A hound skeleton (D:8)
  4 mummies (Crypt:1)
  2 worker ant zombies
  A howler monkey skeleton (D:5)
  21 adders
  15 gnolls
  4 shadow imps
  An ufetubus (Depths:3)
  4 oozes
  An adder zombie (D:9)
  2 adder skeletons
  A worm (D:3)
  2 dart slugs (D:2)
  10 leopard geckos
  159 orcs
  3 ball pythons
  12 bats
  12 giant cockroaches
  19 hobgoblins
  9 jackals
  6 quokkas
  6 frilled lizards
  15 goblins
  26 kobolds
  2 quokka skeletons
  8 rats
  2 briar patches (Depths:3)
  7 fungi
  16 plants
  2 starspawn tentacles (Abyss:1)
2268 creatures vanquished.

Vanquished Creatures (others)
  2 orbs of fire (Zot:5)
  2 curse toes (Zot:4)
  A golden dragon (Zot:2)
  2 electric golems
  10 Orb Guardians (Zot:5)
  2 quicksilver dragons (Zot:5)
  4 death cobs
  A draconian monk (Zot:5)
  2 shadow dragons
  A draconian knight (Zot:2)
  A ghost moth (Zot:5)
  3 draconian shifters (Zot:4)
  A draconian scorcher (Zot:5)
  A draconian stormcaller (Zot:4)
  A green draconian (Zot:3)
  A stone giant (Depths:4)
  4 black draconians
  2 purple draconians
  2 yellow draconians
  A red draconian (Zot:1)
  2 white draconians (Zot:5)
  The ghost of kegs the Cleaver, a journeyman HOFi of Okawaru (D:10)
  An ice dragon (Vaults:2)
  A merfolk aquamancer (Shoals:1)
  A naga sharpshooter (Snake:4)
  A shock serpent (Snake:4)
  A sixfirhy (Depths:5)
  An orc knight (Orc:2)
  A deep elf mage (Elf:2)
  A manticore (Shoals:4)
  A moth of wrath (Zot:5)
  A cyclops (Vaults:2)
  A black mamba (Lair:4)
  A guardian serpent (Snake:4)
  A naga mage (Snake:4)
  6 spiny frogs
  A tormentor (Depths:5)
  2 yaktaurs
  3 wind drakes
  An air elemental (Elf:1)
  A porcupine (shapeshifter) (Vaults:1)
  A boggart (Vaults:2)
  An ogre (Vaults:4)
  15 ball lightnings (Depths:1)
  An orc (D:14)
  2 briar patches (Depths:3)
  A bush (Shoals:2)
  A fire vortex (D:12)
  16 fungi (Lair:6)
  46 plants
  13 starspawn tentacles
171 creatures vanquished.

Grand Total: 2439 creatures vanquished

Notes
Turn   | Place    | Note
-------+----------+-------------------------------------------
     0 | Abyss:1  | hairmachine the Hill Orc Abyssal Knight began the quest for the Orb.
     0 | Abyss:1  | Reached XP level 1. HP: 19/19 MP: 2/2
    62 | Abyss:1  | Noticed a wight
    63 | D:1      | Escaped the Abyss
   378 | D:1      | Reached XP level 2. HP: 26/27 MP: 3/3
   381 | D:1      | Reached * piety under Lugonu
   868 | D:1      | Reached XP level 3. HP: 30/33 MP: 4/4
  1136 | D:2      | Reached skill level 5 in Axes
  1215 | D:2      | Found an iron altar of Okawaru.
  1262 | D:2      | Reached XP level 4. HP: 38/40 MP: 5/5
  1393 | D:2      | Found a glowing silver altar of Zin.
  1398 | D:2      | Found a white marble altar of Elyvilon.
  1994 | D:2      | Found a glowing golden altar of the Shining One.
  3011 | D:3      | Reached XP level 5. HP: 19/46 MP: 6/6
  3274 | D:3      | Reached ** piety under Lugonu
  3682 | D:3      | Reached XP level 6. HP: 36/52 MP: 7/7
  4103 | D:4      | Reached skill level 4 in Fighting
  4689 | D:4      | Reached XP level 7. HP: 37/60 MP: 8/8
  4929 | D:4      | Found a staircase to the Ecumenical Temple.
  4937 | D:4      | Reached skill level 5 in Fighting
  4947 | D:4      | Noticed Eustachio
  5206 | D:5      | Entered Level 5 of the Dungeon
  5341 | D:5      | Reached *** piety under Lugonu
  5598 | D:5      | Reached skill level 10 in Axes
  5901 | D:5      | Reached XP level 8. HP: 67/70 MP: 9/9
  6442 | D:5      | Reached skill level 6 in Fighting
  7481 | D:6      | Reached skill level 7 in Fighting
  7660 | D:6      | Reached **** piety under Lugonu
  7765 | D:6      | Reached XP level 9. HP: 32/79 MP: 10/10
  7991 | D:6      | Found an opulent altar of Gozag.
  8523 | D:6      | Reached skill level 8 in Fighting
  8783 | D:6      | Noticed a two-headed ogre
  8861 | D:6      | Got an uncursed ancient morningstar {antimagic}
  8978 | D:6      | Identified the +1 morningstar "Qicw" {antimagic, rF- rN+ Int+4} (You took it off a centaur on level 6 of the Dungeon)
 10738 | D:7      | Reached skill level 9 in Fighting
 11245 | D:7      | Found an ornate altar of the Wu Jian Council.
 11299 | D:7      | Reached ***** piety under Lugonu
 11551 | D:7      | Reached XP level 10. HP: 90/90 MP: 13/13
 11670 | D:7      | Reached skill level 5 in Invocations
 11673 | D:7      | Identified a scroll of acquirement
 11870 | D:8      | Found Cymeukku's Antique Weapon Boutique.
 11874 | D:8      | Got a heavily runed amber ring
 12585 | D:8      | Identified the ring of Vanity {+Inv rF++ rC+ rN+ Str-5} (You found it on level 8 of the Dungeon)
 12850 | D:9      | Found a sparkling altar of Nemelex Xobeh.
 12850 | D:9      | Found an opulent altar of Gozag.
 12917 | D:9      | Reached skill level 1 in Evocations
 13247 | D:9      | Reached skill level 10 in Fighting
 13863 | D:10     | Entered Level 10 of the Dungeon
 14655 | D:10     | Reached skill level 5 in Armour
 14719 | D:10     | Found a staircase to the Lair.
 14738 | D:10     | Killed an unseen horror
 14839 | D:10     | Reached XP level 11. HP: 74/101 MP: 16/16
 14950 | Lair:1   | Entered Level 1 of the Lair of Beasts
 15134 | Lair:1   | Upgraded the game from 0.21.0 to 0.21.0-3-g78d12a8
 15819 | D:10     | Noticed kegs's ghost (journeyman HOFi)
 15938 | Lair:1   | Reached skill level 15 in Axes
 16656 | Lair:2   | Reached skill level 11 in Fighting
 18613 | Lair:3   | Found a staircase to the Shoals.
 18790 | Lair:3   | Noticed dxctxrx's ghost (journeyman GnSu)
 18824 | Lair:3   | Reached skill level 5 in Evocations
 18828 | Lair:3   | Killed dxctxrx's ghost
 19370 | Lair:4   | Reached XP level 12. HP: 107/110 MP: 18/18
 19453 | Lair:4   | Noticed Harold
 19464 | Lair:4   | Killed Harold
 19927 | Lair:4   | Found a staircase to the Snake Pit.
 20583 | Lair:2   | Got a spiked ring mail
 20584 | Lair:2   | Identified the +1 ring mail "Goeroetiz" {Regen+} (You found it on level 2 of the Lair of Beasts)
 21364 | Lair:5   | Noticed Nessos
 21365 | Lair:5   | Banished Nessos
 21365 | Lair:5   | Reached skill level 12 in Fighting
 21416 | Lair:5   | Reached skill level 10 in Invocations
 21571 | Lair:5   | Reached skill level 1 in Dodging
 22488 | Lair:6   | Entered Level 6 of the Lair of Beasts
 22600 | Lair:6   | Found a staircase to the Slime Pits.
 22617 | Lair:6   | Reached XP level 13. HP: 119/119 MP: 16/20
 22668 | Lair:6   | Reached ****** piety under Lugonu
 24666 | Lair:6   | Reached skill level 13 in Fighting
 25589 | Lair:6   | Got a warped glaive
 25593 | Lair:6   | Identified the +2 glaive "Basekodo" {antimagic, +Inv rElec rF+ Int+3} (You found it on level 6 of the Lair of Beasts)
 25863 | D:10     | Banished kegs's ghost
 27572 | D:11     | Reached XP level 14. HP: 129/129 MP: 21/21
 27761 | D:11     | Got a pair of transparent boots
 27762 | D:11     | Identified the +2 pair of boots of Mumblety Peg {-Cast Str+5 Int-3 Dex+2} (You found it on level 11 of the Dungeon)
 28710 | D:12     | Found a roughly hewn altar of Beogh.
 29880 | D:13     | Reached skill level 5 in Dodging
 30085 | D:13     | Found a gate to the Vaults.
 30738 | D:13     | Reached skill level 14 in Fighting
 32317 | D:9      | Found a staircase to the Orcish Mines.
 32318 | D:9      | Found a roughly hewn altar of Beogh.
 32345 | D:9      | Noticed Erica
 32353 | D:9      | Killed Erica
 32611 | D:6      | Found an iron altar of Okawaru.
 32611 | D:6      | Found a sacrificial altar of Ru.
 32776 | Orc:1    | Entered Level 1 of the Orcish Mines
 32842 | Orc:1    | Noticed Snorg
 32999 | D:9      | Killed Snorg
 33428 | Orc:1    | Noticed Urug
 33462 | Orc:1    | Killed Urug
 33811 | Orc:1    | Noticed an orc warlord
 33857 | D:9      | Killed an orc warlord
 34145 | Orc:1    | Found a roughly hewn altar of Beogh.
 34287 | Orc:1    | Noticed an orc warlord
 34288 | Orc:1    | Found a burning altar of Makhleb.
 34641 | D:9      | Killed an orc warlord
 34641 | D:9      | Reached XP level 15. HP: 111/139 MP: 18/22
 34904 | Orc:2    | Entered Level 2 of the Orcish Mines
 35079 | Orc:2    | Found a staircase to the Elven Halls.
 36678 | Orc:2    | Reached skill level 15 in Fighting
 36681 | Orc:2    | Reached skill level 10 in Evocations
 37745 | Orc:2    | Reached skill level 10 in Armour
 38036 | Orc:2    | Found Ynus's Book Emporium.
 38036 | Orc:2    | Found Boezoum's Gadget Emporium.
 38037 | Orc:2    | Found Zimaorez's Food Shoppe.
 38037 | Orc:2    | Found Piumoaf's Magic Scroll Emporium.
 38047 | Orc:2    | Bought a scroll of magic mapping for 59 gold pieces
 38047 | Orc:2    | Bought a scroll of fog for 34 gold pieces
 38047 | Orc:2    | Bought a scroll of fear for 59 gold pieces
 38047 | Orc:2    | Bought a scroll of teleportation for 51 gold pieces
 38047 | Orc:2    | Bought a scroll of teleportation for 51 gold pieces
 38048 | Orc:2    | Bought a wand of digging (15) for 494 gold pieces
 39097 | D:15     | Entered Level 15 of the Dungeon
 39637 | D:15     | Found a staircase to the Depths.
 40079 | D:15     | Reached skill level 16 in Fighting
 40279 | D:15     | Found the macabre finger necklace {rN+}
 40703 | Snake:1  | Entered Level 1 of the Snake Pit
 40925 | Snake:1  | Reached XP level 16. HP: 68/151 MP: 13/23
 41503 | Snake:1  | Noticed Rupert
 41506 | Snake:1  | Banished Rupert
 41612 | Snake:1  | Found Qoid's Book Shop.
 41613 | Snake:1  | Found Cafuegha's Jewellery Boutique.
 41613 | Snake:1  | Found Osunein's Book Shop.
 41616 | Snake:1  | Found Juenano's Weapon Boutique.
 42035 | Snake:2  | Found Dianisish's Assorted Antiques.
 42613 | Snake:2  | Bought a scroll of enchant weapon for 292 gold pieces
 42613 | Snake:2  | Bought a scroll of enchant weapon for 292 gold pieces
 43119 | Snake:2  | Reached skill level 17 in Fighting
 43639 | Snake:2  | Noticed a nagaraja
 43652 | Snake:2  | Killed a nagaraja
 45208 | Snake:3  | Noticed a nagaraja
 45229 | Snake:3  | Killed a nagaraja
 45452 | Snake:3  | Found a sacrificial altar of Ru.
 45835 | Snake:3  | Reached skill level 18 in Fighting
 46231 | Snake:3  | Noticed Saint Roka
 46232 | Snake:3  | Banished Saint Roka
 46232 | Snake:3  | Reached XP level 17. HP: 151/165 MP: 21/24
 47077 | Shoals:1 | Entered Level 1 of the Shoals
 49239 | Shoals:2 | Reached skill level 19 in Fighting
 49679 | Shoals:2 | Found a hide-covered altar of Uskayaw.
 49981 | Shoals:2 | Noticed Roxanne
 51636 | Shoals:3 | Got a brightly glowing scale mail
 52637 | Shoals:4 | Entered Level 4 of the Shoals
 52816 | Shoals:4 | Noticed nuthulu's ghost (adept GrFi)
 53081 | Shoals:4 | Killed nuthulu's ghost
 53287 | Shoals:4 | Reached XP level 18. HP: 172/178 MP: 22/25
 53421 | Shoals:4 | Reached skill level 20 in Fighting
 55195 | Shoals:4 | Got a barnacled rune of Zot
 55454 | Vaults:1 | Entered Level 1 of the Vaults
 55602 | Vaults:1 | Identified the cursed +0 scale mail of the Scribe {rF+ MR++} (You took it off a merfolk on level 3 of the Shoals)
 56199 | Snake:1  | Bought a +6 amulet of reflection for 1170 gold pieces
 56443 | Vaults:1 | Reached skill level 21 in Fighting
 57358 | Vaults:1 | Reached XP level 19. HP: 161/190 MP: 21/26
 57872 | Vaults:1 | Paralysed by a floating eye for 2 turns
 58649 | Vaults:1 | Reached skill level 15 in Armour
 59217 | Vaults:2 | Reached skill level 22 in Fighting
 60409 | Vaults:2 | Found a staircase to the Crypt.
 60409 | Vaults:2 | Found a basalt altar of Yredelemnul.
 60410 | Vaults:2 | Found an ancient bone altar of Kikubaaqudgha.
 60417 | Crypt:1  | Entered Level 1 of the Crypt
 62524 | Vaults:3 | Reached XP level 20. HP: 202/202 MP: 27/27
 62837 | Vaults:3 | Reached skill level 23 in Fighting
 64785 | Vaults:4 | Found Waewung's Assorted Antiques.
 64887 | Vaults:4 | Bought a scroll of magic mapping for 133 gold pieces
 64887 | Vaults:4 | Bought a potion of cancellation for 304 gold pieces
 65180 | Vaults:4 | Noticed Boris
 65196 | Vaults:4 | Killed Boris
 66450 | Vaults:4 | Reached skill level 24 in Fighting
 67065 | Vaults:5 | Entered Level 5 of the Vaults
 67453 | Snake:4  | Entered Level 4 of the Snake Pit
 67468 | Snake:4  | Reached XP level 21. HP: 189/214 MP: 28/28
 69357 | Snake:4  | Noticed Mara
 69374 | Snake:4  | Noticed hairmachine's illusion
 69483 | Snake:3  | Noticed hairmachine's illusion
 70010 | Snake:4  | Noticed Aizul
 70023 | Snake:4  | Killed Aizul
 71339 | Snake:4  | Reached skill level 25 in Fighting
 72609 | Snake:4  | Got a serpentine rune of Zot
 72843 | Elf:1    | Entered Level 1 of the Elven Halls
 73064 | Elf:1    | Noticed Azrael
 73074 | Elf:1    | Killed Azrael
 73461 | Elf:1    | Found a gateway to a bazaar.
 73713 | Bazaar   | Entered a bazaar
 73714 | Bazaar   | Found Lyutik's Antique Weapon Emporium.
 73725 | Bazaar   | Found Viahi's Antique Armour Emporium.
 73751 | Bazaar   | Found Lic Rimo's Assorted Antiques.
 73759 | Bazaar   | Bought a potion of heal wounds for 200 gold pieces
 73759 | Bazaar   | Found Vuavom's Antique Armour Emporium.
 74044 | Elf:1    | Identified the Disquisition on Arcane Weapons
 74787 | Elf:2    | Reached XP level 22. HP: 191/226 MP: 29/29
 75462 | Elf:2    | Found a runed gate.
 75464 | Elf:2    | Found a runed gate.
 75465 | Elf:2    | Found a runed gate.
 76948 | Elf:3    | Entered Level 3 of the Elven Halls
 76964 | Elf:3    | Got a slimy mace
 76965 | Elf:3    | Identified the +7 mace of Cruel Justice {holy, Dex+2} (You found it on level 3 of the Elven Halls)
 76987 | Elf:3    | Found Noyph's Food Shoppe.
 76990 | Elf:3    | Noticed loralnil's ghost (adept MiFi)
 77018 | Elf:3    | Killed loralnil's ghost
 77125 | Elf:3    | Found Saapu Ciso's Food Boutique.
 77454 | Elf:3    | Reached skill level 26 in Fighting
 80335 | Elf:3    | Found Fiduf's Magic Scroll Shop.
 80348 | Elf:3    | Bought a scroll of teleportation for 54 gold pieces
 80348 | Elf:3    | Bought a scroll of fog for 36 gold pieces
 80348 | Elf:3    | Bought a scroll of fog for 36 gold pieces
 80679 | Depths:1 | Entered Level 1 of the Depths
 80688 | Depths:1 | Found a one-way gate to the infinite horrors of the Abyss.
 80729 | Depths:1 | Reached XP level 23. HP: 203/238 MP: 30/30
 80880 | Depths:1 | Reached skill level 10 in Dodging
 80994 | Depths:1 | Found Xecriyt's Assorted Antiques.
 81002 | Depths:1 | Bought a scroll of enchant armour for 165 gold pieces
 81002 | Depths:1 | Bought a scroll of teleportation for 66 gold pieces
 81002 | Depths:1 | Bought a potion of curing for 66 gold pieces
 81108 | Depths:1 | Found a gateway to Hell.
 81735 | Depths:1 | Identified the +9 shortbow "Orc's Curse" {speed, Str+2 Int+2} (You found it on level 1 of the Depths)
 81962 | Depths:1 | Reached skill level 27 in Fighting
 82734 | Depths:2 | Paralysed by a great orb of eyes for 7 turns
 83423 | Depths:2 | Got a faintly glowing tin ring
 83424 | Depths:2 | Got a smoking battleaxe {venom}
 83433 | Depths:2 | Identified the cursed +0 battleaxe of the Dwarven Hall {venom, rC+} (You took it off a fire giant on level 2 of the Depths)
 84462 | Depths:3 | Found a one-way gate leading to the halls of Pandemonium.
 84613 | Depths:3 | Found a corrupted altar of Lugonu.
 86075 | Depths:3 | Identified the ring of the Scarab {rElec rC+} (You took it off a fire giant on level 2 of the Depths)
 86185 | Depths:4 | Paralysed by a floating eye for 3 turns
 86847 | Depths:4 | Noticed a golden dragon
 86860 | Depths:4 | Killed a golden dragon
 87159 | Depths:4 | Reached XP level 24. HP: 249/249 MP: 31/31
 87357 | Depths:4 | Found the +6 Majin-Bo {vamp, Archmagi MP+6 Int+6}
 88692 | Depths:5 | Entered Level 5 of the Depths
 88767 | Depths:5 | Found a gateway to a ziggurat.
 89457 | Depths:5 | Found a gate to the Realm of Zot.
 90236 | Depths:5 | Identified a +9 executioner's axe of distortion (a +7 executioner's axe of venom corrupted by Lugonu)
 90236 | Depths:5 | Received a gift from Lugonu
 90247 | Depths:5 | Voluntarily entered the Abyss.
 90247 | Abyss:1  | Found a corrupted altar of Lugonu.
 90382 | Abyss:1  | Killed Nessos
 90651 | Abyss:3  | Found a corrupted altar of Lugonu.
 90679 | Abyss:3  | Found a corrupted altar of Lugonu.
 90719 | Abyss:3  | Found a corrupted altar of Lugonu.
 90753 | Abyss:3  | Got an abyssal rune of Zot
 90754 | Depths:5 | Escaped the Abyss
 91077 | Zot:1    | Entered Level 1 of the Realm of Zot
 91490 | Zot:1    | Got an ichor-stained cloak
 91494 | Zot:1    | Identified the +0 cloak of Ygguim {rC- Slay+5} (You found it on level 1 of the Realm of Zot)
 91632 | Zot:2    | Noticed an orb of fire
 92001 | Zot:1    | Reached XP level 25. HP: 206/257 MP: 32/32
 92930 | Zot:2    | Gained mutation: You are dopey. (Int -2) [an orb of fire]
 93983 | Zot:3    | Noticed an orb of fire
 93995 | Zot:3    | Gained mutation: Armour fits poorly on your strangely shaped body. [an orb of fire]
 93999 | Zot:3    | Gained mutation: You do not regenerate when monsters are visible. [an orb of fire]
 94001 | Zot:3    | Killed an orb of fire
 94522 | Zot:3    | Lost mutation: You are dopey. (Int -2) [potion of mutation]
 94522 | Zot:3    | Lost mutation: You do not regenerate when monsters are visible. [potion of mutation]
 94522 | Zot:3    | Gained mutation: You passively map a small area around you. [potion of mutation]
 95477 | Zot:3    | Found the +10 zealot's sword {holy, *Rage rN+ EV+3}
 96995 | Zot:4    | Reached skill level 15 in Dodging
 98000 | Zot:4    | Reached XP level 26. HP: 208/259 MP: 33/33
 99209 | Zot:5    | Entered Level 5 of the Realm of Zot
 99683 | Zot:5    | Noticed an ancient lich
100863 | Zot:5    | Noticed an ancient lich
100867 | Zot:5    | Killed an ancient lich
100894 | Zot:5    | Noticed an ancient lich
101214 | Zot:5    | Noticed an ancient lich
101293 | Zot:5    | Killed an ancient lich
101338 | Zot:5    | Noticed an orb of fire
101344 | Zot:5    | Gained mutation: You expend magic power (3 MP) to strengthen your wands. [an orb of fire]
101345 | Zot:5    | Gained mutation: You are frail. (-10% HP) [an orb of fire]
101349 | Zot:5    | Killed an orb of fire
101412 | Zot:5    | Killed an ancient lich
101630 | Zot:5    | Noticed an orb of fire
101634 | Zot:5    | Gained mutation: Potions are less effective at restoring your health. [an orb of fire]
101650 | Zot:5    | Banished an orb of fire
101783 | Zot:5    | Lost mutation: Potions are less effective at restoring your health. [potion of mutation]
101783 | Zot:5    | Lost mutation: You are frail. (-10% HP) [potion of mutation]
101783 | Zot:5    | Lost mutation: You expend magic power (3 MP) to strengthen your wands. [potion of mutation]
101783 | Zot:5    | Lost mutation: Armour fits poorly on your strangely shaped body. [potion of mutation]
101783 | Zot:5    | Gained mutation: You are dopey. (Int -2) [potion of mutation]
101783 | Zot:5    | Gained mutation: You are frail. (-10% HP) [potion of mutation]
101783 | Zot:5    | Gained mutation: You have sharp toenails. [potion of mutation]
101906 | Zot:5    | Noticed an ancient lich
101948 | Zot:5    | Killed an ancient lich
102006 | Zot:5    | Reached XP level 27. HP: 192/238 MP: 33/33
102116 | Zot:5    | Noticed an orb of fire
102117 | Zot:5    | Corrupted Zot:5
102125 | Zot:5    | Killed an orb of fire
102732 | Zot:5    | Killed an ancient lich
103021 | Zot:5    | Got the Orb of Zot
103048 | Zot:5    | Noticed Imynotuosko the pandemonium lord
103224 | Depths:5 | Noticed Lanaz the pandemonium lord
103236 | Depths:5 | Banished Lanaz the pandemonium lord
103666 | D:4      | Killed Eustachio
103774 | D:$      | Escaped with the Orb!

Skill      XL: |  1  2  3  4  5  6  7  8  9 10 11 12 13 14 15 16 17 18 19 20 21 22 23 24 25 26 27 |
---------------+----------------------------------------------------------------------------------+-----
Axes           | 3 4 5 6 7 9 10 12 14 15 17 18 19 20 21 22 23 24 25 26 | 26.0
Fighting       | 4 5 7 9 10 11 12 13 14 16 18 19 21 22 24 25 26 27 | 27.0
Invocations    | 4 7 9 10 11 13 14 | 14.0
Armour         | 3 5 6 8 9 10 12 13 14 15 16 17 18 20 21 23 | 23.6
Evocations     | 3 5 6 8 9 10 | 10.0
Dodging        | 1 4 6 7 8 9 11 13 15 16 17 | 17.1

Action                   |  1- 3 |  4- 6 |  7- 9 | 10-12 | 13-15 | 16-18 | 19-21 | 22-24 | 25-27 || total
-------------------------+-------+-------+-------+-------+-------+-------+-------+-------+-------++-------
Melee: Hand axe          |    87 |   232 |   324 |       |       |       |       |       |       ||   643
       Trident           |       |       |   361 |     4 |       |       |       |       |       ||   365
       Battleaxe         |       |       |       |   739 |   626 |       |       |       |       ||  1365
       Broad axe         |       |       |       |    18 |       |       |       |       |       ||    18
       Executioner's axe |       |       |       |       |   876 |  1321 |  1410 |  1442 |   701 ||  5750
Throw: Stone             |     3 |       |       |       |       |       |       |       |       ||     3
Invok: Depart the Abyss  |     1 |       |       |       |       |       |       |     1 |       ||     2
       Bend Space        |       |       |     1 |       |       |       |       |     1 |       ||     2
       Banish            |       |       |       |     6 |     9 |     8 |     7 |     2 |    13 ||    45
       Brand Weapon With |       |       |       |       |       |       |       |     1 |       ||     1
       Corrupt           |       |       |       |       |       |       |       |       |     1 ||     1
 Abil: Evoke Berserk Rag |       |       |       |     1 |     4 |       |       |       |       ||     5
       Evoke Invisibilit |       |       |       |       |     3 |       |       |       |       ||     3
Evoke: Wand              |       |       |     1 |    10 |    12 |    16 |     3 |     1 |    14 ||    57
       Lamp of fire      |       |       |       |     1 |       |       |       |       |       ||     1
       Phantom mirror    |       |       |       |       |     1 |       |       |       |       ||     1
       Fan of gales      |       |       |       |       |     1 |       |       |       |       ||     1
  Use: Scroll            |       |       |    13 |    11 |    22 |    10 |     8 |    24 |     4 ||    92
       Potion            |       |       |     1 |     5 |       |     4 |     2 |     1 |    19 ||    32
 Stab: Sleeping          |       |     1 |       |       |       |       |       |       |       ||     1
       Invisible         |       |       |       |       |    13 |       |       |       |       ||    13
  Eat: Chunk             |     1 |    11 |    12 |    25 |    54 |    23 |    32 |    36 |    12 ||   206
       Ration            |       |       |     3 |     4 |     4 |     9 |     8 |     6 |     8 ||    42
Armor: Leather armour    |    33 |     8 |       |       |       |       |       |       |       ||    41
       Chain mail        |       |    79 |   273 |       |       |       |       |       |       ||   352
       Plate armour      |       |       |       |   600 |  1037 |   260 |   705 |   475 |       ||  3077
       Pearl dragon scal |       |       |       |       |       |   665 |       |       |       ||   665
       Gold dragon scale |       |       |       |       |       |       |       |   241 |   471 ||   712
Dodge: Dodged            |    55 |    84 |   203 |   156 |   587 |   694 |   478 |   433 |   362 ||  3052
Block: Other             |       |       |       |       |       |    29 |   291 |   221 |   128 ||   669
       Reflection        |       |       |       |       |       |     2 |    37 |    26 |     3 ||    68
